London Knights vs Erie Otters
Created - Saturday, April 29, 2023 at 09:31
Goals
|
| London Knights |
0 |
2 |
4 |
6 |
| Erie Otters |
1 |
0 |
2 |
3 |
|
Shots
|
| London Knights |
10 |
13 |
15 |
38 |
| Erie Otters |
16 |
14 |
13 |
43 |
|
1st period
1. Erie Otters , Ty Ronning 16 (Aaron Luchuk 10) at 19:24
Penalties :
Trent Frederic (ERO) for Fighting (Major) at 0:07, Tyce Thompson (LKN) for Fighting (Major) at 0:07, Paul Cotter (ERO) for Fighting (Major) at 10:44, Jan Jenik (LKN) for Fighting (Major) at 10:44, Trent Frederic (ERO) for Fighting (Major) at 19:20, Dominik Bokk (LKN) for Fighting (Major) at 19:20, Ethan Bear (LKN) for Holding Stick (Minor) at 19:52
2nd period
2. London Knights , Cameron Hughes 10 (Rasmus Kupari 25) at 3:49
3. London Knights , Jan Jenik 13 (Simon Lundmark 6, Nick Swaney 7) at 10:14
Penalties :
Tyce Thompson (LKN) for Roughing (Minor) at 4:46
3rd period
4. London Knights , Connor Bunnaman 8 (Nick Swaney 8, Jan Jenik 17) at 3:08 (PP)
5. London Knights , Marco Rossi 2 (Rasmus Kupari 26, Ethan Bear 23) at 3:31 (PP)
6. London Knights , Sami Niku 3 (Cameron Hughes 11, Marco Rossi 2) at 8:00 (PP)
7. Erie Otters , Andy Andreoff 13 (Sampo Ranta 22, Adam Clendening 12) at 9:59
8. Erie Otters , Adam Clendening 1 (Michael Eyssimont 20, Sampo Ranta 23) at 18:47 (PP)
9. London Knights , Cole Koepke 4 (Ethan Bear 24, Curtis Douglas 15) at 18:51
Penalties :
Sampo Ranta (ERO) for Fighting (Major) at 0:10, Troy Stecher (LKN) for Fighting (Major) at 0:10, Troy Stecher (LKN) for instigated a fight (Minor) at 0:10, Troy Stecher (LKN) for instigated a fight (10 Minutes Misconduct) at 0:10, Alex Petrovic (ERO) for Holding (Minor) at 2:36, Alex Biega (ERO) for Fighting (Major) at 3:19, Tyce Thompson (LKN) for Fighting (Major) at 3:19, Alex Biega (ERO) for instigated a fight (Minor) at 3:19, Alex Biega (ERO) for instigated a fight (10 Minutes Misconduct) at 3:19, Paul Cotter (ERO) for Interference (Minor) at 3:47, Adam Clendening (ERO) for Slashing (Minor) at 7:52, Kevin Davis (ERO) for Fighting (Major) at 8:46, Tyce Thompson (LKN) for Fighting (Major / Game Misconduct) at 8:46, Marco Rossi (LKN) for Holding (Minor) at 15:58, Cole Koepke (LKN) for Hooking (Minor) at 18:34
Goalie Stats
Evan Cormier (LKN), 40 saves from 43 shots - (0.930), W, 4-4-2, 60:00 minutes
Keith Kinkaid (ERO), 32 saves from 38 shots - (0.842), L, 10-7-6, 60:00 minutes
Players Stats for London Knights
Player Name G A P +/- PIM S H SB GA TA FO MP PP MP PK MP
------------------------------------------------------------------------------------
Cameron Hughes 1 1 2 -1 0 3 2 0 2 0 3/6 21:35 1:42 2:27
Christian Wolanin 0 0 0 -1 0 1 1 0 1 0 0/0 20:10 1:27 2:52
Cole Koepke 1 0 1 1 2 4 2 0 1 0 0/0 11:49 0:29 0:00
Connor Bunnaman 1 0 1 1 0 1 0 0 1 1 0/1 15:26 0:59 0:25
Curtis Douglas 0 1 1 1 0 1 2 0 0 0 2/4 12:55 0:00 2:27
Declan McDonnell 0 0 0 0 0 0 0 0 0 0 0/0 7:21 0:00 0:00
Dominik Bokk 0 0 0 1 5 1 0 0 0 2 0/0 10:27 0:10 0:35
Ethan Bear 0 2 2 1 2 3 0 0 0 1 0/0 26:11 1:56 3:56
Jan Jenik 1 1 2 1 5 3 0 0 0 0 2/8 17:50 0:59 4:25
Jordan Oesterle 0 0 0 -1 0 1 1 0 0 0 0/0 20:20 0:55 2:52
Marco Rossi 1 1 2 -1 2 5 1 1 1 0 1/3 14:23 1:17 0:03
Nick Swaney 0 2 2 1 0 3 1 0 1 1 0/1 15:01 0:59 0:00
Rasmus Kupari 0 2 2 -1 0 4 4 0 0 0 20/39 23:16 1:42 4:35
Sami Niku 1 0 1 1 0 2 0 2 0 0 0/0 17:25 1:24 0:00
Simon Lundmark 0 1 1 1 0 1 2 1 0 0 0/0 16:55 0:00 2:47
Simon Ryfors 0 0 0 0 0 1 0 0 0 0 1/2 9:43 0:00 1:21
Troy Stecher 0 0 0 1 17 1 1 1 0 2 0/0 19:00 0:00 3:51
Tyce Thompson 0 0 0 0 27 3 1 0 1 0 0/1 11:54 0:16 0:00
Players Stats for Erie Otters
Player Name G A P +/- PIM S H SB GA TA FO MP PP MP PK MP
------------------------------------------------------------------------------------
Aaron Luchuk 0 1 1 0 0 0 1 1 0 0 8/10 12:14 0:00 0:48
Aaron Ness 0 0 0 -1 0 3 0 1 0 1 0/0 25:18 4:06 1:17
Abbott Girduckis 0 0 0 -1 0 1 1 0 0 0 0/1 9:22 0:00 0:00
Adam Brubacher 0 0 0 0 0 0 0 0 0 0 0/0 11:05 0:00 0:22
Adam Clendening 1 1 2 0 2 2 1 0 1 0 0/0 23:11 4:16 1:34
Alec McCrea 0 0 0 0 0 1 0 0 0 2 0/0 16:24 0:37 0:00
Alex Biega 0 0 0 -1 17 0 1 0 0 0 0/0 16:37 2:54 0:32
Alex Gallant 0 0 0 0 0 1 2 0 0 0 1/1 11:17 0:00 0:00
Alex Newhook 0 0 0 -1 0 5 0 1 0 1 9/20 19:15 3:49 1:16
Alex Petrovic 0 0 0 -1 2 2 1 4 0 2 0/0 22:18 4:25 1:17
Alex-Olivier Voyer 0 0 0 -1 0 1 0 1 2 0 0/0 11:26 0:50 0:00
Andy Andreoff 1 0 1 1 0 9 1 0 0 0 15/26 19:45 4:09 1:27
Kevin Davis 0 0 0 0 5 1 0 3 0 0 0/0 13:46 0:00 0:40
Michael Eyssimont 0 1 1 1 0 5 2 0 1 0 0/1 19:29 4:09 0:28
Paul Cotter 0 0 0 -1 7 1 1 0 0 0 0/0 17:00 3:52 0:25
Sampo Ranta 0 2 2 1 5 4 1 0 0 0 1/2 17:18 3:13 0:12
Trent Frederic 0 0 0 0 10 4 2 0 2 0 1/3 15:16 2:50 1:08
Ty Ronning 1 0 1 -1 0 3 2 1 1 2 1/1 16:01 1:35 0:00
3 Stars
1 - Cameron Hughes (LKN)
2 - Nick Swaney (LKN)
3 - Sami Niku (LKN)
Power Play
London Knights - 3 on 4 Attempt(s) - 75.00%
Erie Otters - 1 on 5 Attempt(s) - 20.00%
Penalty Kill
London Knights - 4 on 5 Attempt(s) - 80.00%
- Score 0 goal in Penalty Kill
Erie Otters - 1 on 4 Attempt(s) - 25.00%
- Score 0 goal in Penalty Kill
Team Stat
London Knights - Hits : 18 - Faceoff Wins : 29 - Blocked Shots : 5 - Penalty Minutes : 60
Erie Otters - Hits : 16 - Faceoff Wins : 36 - Blocked Shots : 12 - Penalty Minutes : 48
Official
Referees : Mike Leggo and Chris Rooney
Linesman : Unknown
Game Notes
Trent Frederic beats up Tyce Thompson at 0:07 of 1st period
Jan Jenik beats up Paul Cotter at 10:44 of 1st period
Trent Frederic beats up Dominik Bokk at 19:20 of 1st period
Sampo Ranta and Troy Stecher fight to a draw at 0:10 of 3rd period
Tyce Thompson beats up Alex Biega at 3:19 of 3rd period
Kevin Davis and Tyce Thompson fight to a draw at 8:46 of 3rd period
Tyce Thompson ejected from game at 8:46 of 3rd period
London Knights
5 vs 5 Forward
Center Left Wing Right Wing Time % Phy DF OF
1 Rasmus Kupari Cameron Hughes Tyce Thompson 40 1 2 2
2 Jan Jenik Connor Bunnaman Nick Swaney 30 1 2 2
3 Curtis Douglas Cole Koepke Dominik Bokk 20 1 2 2
4 Marco Rossi Simon Ryfors Declan McDonnell 10 1 2 2
5 vs 5 Defense
Defense Defense Time % Phy DF OF
1 Ethan Bear Troy Stecher 40 1 2 2
2 Jordan Oesterle Christian Wolanin 30 1 2 2
3 Sami Niku Simon Lundmark 20 1 2 2
4 Ethan Bear Troy Stecher 10 1 2 2
PowerPlay Forward
Center Left Wing Right Wing Time % Phy DF OF
1 Rasmus Kupari Cameron Hughes Tyce Thompson 60 1 2 2
2 Jan Jenik Connor Bunnaman Nick Swaney 40 1 2 2
PowerPlay Defense
Defense Defense Time % Phy DF OF
1 Ethan Bear Troy Stecher 60 1 2 2
2 Jordan Oesterle Christian Wolanin 40 1 2 2
Penalty Kill 4 Players Forward
Center Wing Time % Phy DF OF
1 Rasmus Kupari Jan Jenik 60 1 2 2
2 Cameron Hughes Curtis Douglas 40 1 2 2
Penalty Kill 4 Players Defense
Defense Defense Time % Phy DF OF
1 Ethan Bear Troy Stecher 60 1 2 2
2 Jordan Oesterle Christian Wolanin 40 1 2 2
Penalty Kill - 3 Players Forward
Forward Time % Phy DF OF
1 Rasmus Kupari 60 1 2 2
2 Jan Jenik 40 1 2 2
Penalty Kill - 3 Players Defense
Defense Defense Time % Phy DF OF
1 Ethan Bear Troy Stecher 60 1 2 2
2 Jordan Oesterle Christian Wolanin 40 1 2 2
4 vs 4 Forward
Center Wing Time % Phy DF OF
1 Rasmus Kupari Jan Jenik 60 1 2 2
2 Cameron Hughes Curtis Douglas 40 1 2 2
4 vs 4 Defense
Defense Defense Time % Phy DF OF
1 Ethan Bear Troy Stecher 60 1 2 2
2 Jordan Oesterle Christian Wolanin 40 1 2 2
Last Minutes Offensive
Center Left Wing Right Wing Defense Defense
Rasmus Kupari Cameron Hughes Tyce Thompson Ethan Bear Troy Stecher
Last Minutes Defensive
Center Left Wing Right Wing Defense Defense
Rasmus Kupari Cameron Hughes Tyce Thompson Ethan Bear Troy Stecher
Goaltenders
Starting : Evan Cormier
Backup : Michael Hutchinson
Extra Forwards
Normal : Marco Rossi, Cole Koepke, Simon Ryfors - PP : Marco Rossi, Cole Koepke - PK : Simon Ryfors
Extra Defensemen
Normal : Sami Niku, Simon Lundmark, Jordan Oesterle - PP : Sami Niku - PK : Simon Lundmark, Jordan Oesterle
Penalty Shots
Rasmus Kupari, Jan Jenik, Cameron Hughes, Curtis Douglas, Marco Rossi
Erie Otters
5 vs 5 Forward
Center Left Wing Right Wing Time % Phy DF OF
1 Alex Newhook Trent Frederic Paul Cotter 30 1 2 2
2 Andy Andreoff Michael Eyssimont Sampo Ranta 30 1 2 2
3 Aaron Luchuk Alex Gallant Ty Ronning 25 1 2 2
4 Abbott Girduckis Adam Brubacher Alex-Olivier Voyer 15 1 2 2
5 vs 5 Defense
Defense Defense Time % Phy DF OF
1 Adam Clendening Alex Biega 35 1 2 2
2 Aaron Ness Alex Petrovic 35 1 2 2
3 Alec McCrea Kevin Davis 30 1 2 2
4 Adam Clendening Alex Biega 0 1 2 2
PowerPlay Forward
Center Left Wing Right Wing Time % Phy DF OF
1 Alex Newhook Trent Frederic Paul Cotter 50 1 2 2
2 Andy Andreoff Michael Eyssimont Sampo Ranta 50 1 2 2
PowerPlay Defense
Defense Defense Time % Phy DF OF
1 Adam Clendening Alex Biega 50 1 2 2
2 Aaron Ness Alex Petrovic 50 1 2 2
Penalty Kill 4 Players Forward
Center Wing Time % Phy DF OF
1 Alex Newhook Trent Frederic 50 1 2 2
2 Andy Andreoff Paul Cotter 50 1 2 2
Penalty Kill 4 Players Defense
Defense Defense Time % Phy DF OF
1 Adam Clendening Alex Biega 50 1 2 2
2 Aaron Ness Alex Petrovic 50 1 2 2
Penalty Kill - 3 Players Forward
Forward Time % Phy DF OF
1 Alex Newhook 50 1 2 2
2 Trent Frederic 50 1 2 2
Penalty Kill - 3 Players Defense
Defense Defense Time % Phy DF OF
1 Adam Clendening Alex Biega 50 1 2 2
2 Aaron Ness Alex Petrovic 50 1 2 2
4 vs 4 Forward
Center Wing Time % Phy DF OF
1 Alex Newhook Trent Frederic 50 1 2 2
2 Andy Andreoff Paul Cotter 50 1 2 2
4 vs 4 Defense
Defense Defense Time % Phy DF OF
1 Adam Clendening Alex Biega 50 1 2 2
2 Aaron Ness Alex Petrovic 50 1 2 2
Last Minutes Offensive
Center Left Wing Right Wing Defense Defense
Alex Newhook Trent Frederic Paul Cotter Adam Clendening Alex Biega
Last Minutes Defensive
Center Left Wing Right Wing Defense Defense
Alex Newhook Trent Frederic Paul Cotter Adam Clendening Alex Biega
Goaltenders
Starting : Keith Kinkaid
Backup : Adam Werner
Extra Forwards
Normal : Ty Ronning, Alex-Olivier Voyer, Aaron Luchuk - PP : Ty Ronning, Alex-Olivier Voyer - PK : Aaron Luchuk
Extra Defensemen
Normal : Aaron Ness, Kevin Davis, Adam Brubacher - PP : Aaron Ness - PK : Kevin Davis, Adam Brubacher
Penalty Shots
Alex Newhook, Trent Frederic, Andy Andreoff, Paul Cotter, Michael Eyssimont
% Time on Ice - London Knights
Lines # - Real PCT - Wanted PCT - Time Play
Normal Forward
1 - 35% - 40% - 17:09
2 - 30% - 30% - 14:29
3 - 20% - 20% - 10:01
4 - 15% - 10% - 7:21
Normal Defense
1 - 40% - 40% - 19:43
2 - 31% - 30% - 15:25
3 - 24% - 20% - 11:36
4 - 5% - 10% - 2:16
PP Forward
1 - 65% - 60% - 1:52
2 - 35% - 40% - 0:59
PP Defense
1 - 69% - 60% - 1:58
2 - 31% - 40% - 0:53
PK Forward
1 - 70% - 60% - 5:42
2 - 30% - 40% - 2:27
PK Defense
1 - 65% - 60% - 5:17
2 - 35% - 40% - 2:52
PK3 Forward
1 - 0% - 60%
2 - 0% - 40%
PK3 Defense
1 - 0% - 60%
2 - 0% - 40%
44 Forward
1 - 0% - 60%
2 - 0% - 40%
44 Defense
1 - 0% - 60%
2 - 0% - 40%
Last Minute Offensive - 0:00
Last Minute Defensive - 0:00
Total
Forward - 60:00
Defense - 60:00
|
% Time on Ice - Erie Otters
Lines # - Real PCT - Wanted PCT - Time Play
Normal Forward
1 - 29% - 30% - 14:12
2 - 29% - 30% - 14:09
3 - 23% - 25% - 11:17
4 - 19% - 15% - 9:22
Normal Defense
1 - 37% - 35% - 17:59
2 - 32% - 35% - 15:51
3 - 31% - 30% - 15:10
4 - 0% - 0% - 0:00
PP Forward
1 - 50% - 50% - 4:03
2 - 50% - 50% - 4:06
PP Defense
1 - 60% - 50% - 4:53
2 - 40% - 50% - 3:16
PK Forward
1 - 40% - 50% - 1:08
2 - 60% - 50% - 1:43
PK Defense
1 - 55% - 50% - 1:34
2 - 45% - 50% - 1:17
PK3 Forward
1 - 0% - 50%
2 - 0% - 50%
PK3 Defense
1 - 0% - 50%
2 - 0% - 50%
44 Forward
1 - 0% - 50%
2 - 0% - 50%
44 Defense
1 - 0% - 50%
2 - 0% - 50%
Last Minute Offensive - 0:00
Last Minute Defensive - 0:00
Total
Forward - 60:00
Defense - 60:00
|
Play-by-Play
1st period
0:01 of 1st period - Alex Newhook wins face-off versus Rasmus Kupari in neutral zone.
0:07 of 1st period - Trent Frederic beats up Tyce Thompson.
0:07 of 1st period - Penalty to Trent Frederic for Fighting.
0:07 of 1st period - Penalty to Tyce Thompson for Fighting.
0:08 of 1st period - Andy Andreoff wins face-off versus Jan Jenik in neutral zone.
0:21 of 1st period - Wrist shot by Michael Eyssimont.
0:21 of 1st period - Deflect By Sampo Ranta.
0:21 of 1st period - Shot Misses the Net.
0:21 of 1st period - Puck is out of play.
0:22 of 1st period - Aaron Luchuk wins face-off versus Curtis Douglas in London Knights zone.
0:56 of 1st period - Abbott Girduckis is hit by Rasmus Kupari and loses puck.
1:17 of 1st period - Wrist shot by Alex Newhook.
1:17 of 1st period - Shot Blocked by Simon Lundmark.
1:33 of 1st period - Wrist shot by Jan Jenik.
1:33 of 1st period - Stopped by Keith Kinkaid with a rebound.
2:38 of 1st period - Off-side.
2:39 of 1st period - Rasmus Kupari wins face-off versus Andy Andreoff in neutral zone.
3:38 of 1st period - Icing by Ty Ronning.
3:39 of 1st period - Ty Ronning wins face-off versus Cameron Hughes in Erie Otters zone.
3:39 of 1st period - Ty Ronning is hit by Marco Rossi.
3:45 of 1st period - Snap shot by Paul Cotter.
3:45 of 1st period - Shot Misses the Net.
4:32 of 1st period - Wrist shot by Curtis Douglas.
4:32 of 1st period - Stopped by Keith Kinkaid with a rebound.
4:34 of 1st period - Wrist shot by Cole Koepke.
4:34 of 1st period - Deflect By Curtis Douglas.
4:34 of 1st period - Shot Misses the Net.
4:34 of 1st period - Puck is out of play.
4:35 of 1st period - Rasmus Kupari wins face-off versus Abbott Girduckis in Erie Otters zone.
5:08 of 1st period - Icing by Adam Clendening.
5:09 of 1st period - Aaron Luchuk wins face-off versus Jan Jenik in Erie Otters zone.
5:09 of 1st period - Aaron Luchuk is hit by Troy Stecher.
5:27 of 1st period - Slapshot by Michael Eyssimont.
5:27 of 1st period - Stopped by Evan Cormier with a rebound.
5:29 of 1st period - Snap shot by Michael Eyssimont.
5:29 of 1st period - Shot Misses the Net.
5:55 of 1st period - Wrist shot by Trent Frederic.
5:55 of 1st period - Shot Blocked by Marco Rossi.
6:57 of 1st period - Troy Stecher is hit by Sampo Ranta and loses puck.
7:18 of 1st period - Snap shot by Trent Frederic.
7:18 of 1st period - Shot Misses the Net.
7:22 of 1st period - Backhand shot by Alex Newhook.
7:22 of 1st period - Shot Misses the Net.
8:18 of 1st period - Wrist shot by Cameron Hughes.
8:18 of 1st period - Stopped by Keith Kinkaid with a rebound.
8:53 of 1st period - Marco Rossi is hit by Michael Eyssimont and loses puck.
9:18 of 1st period - Wrist shot by Nick Swaney.
9:18 of 1st period - Shot Blocked by Alex Petrovic.
9:34 of 1st period - Wrist shot by Alex-Olivier Voyer.
9:34 of 1st period - Shot Misses the Net.
9:36 of 1st period - Slapshot by Aaron Ness.
9:36 of 1st period - Deflect By Tyce Thompson.
9:36 of 1st period - Stopped by Evan Cormier with a rebound.
9:38 of 1st period - Snap shot by Alex Petrovic.
9:38 of 1st period - Stopped by Evan Cormier without a rebound.
9:39 of 1st period - Cameron Hughes wins face-off versus Sampo Ranta in London Knights zone.
10:09 of 1st period - Slapshot by Michael Eyssimont.
10:09 of 1st period - Shot Misses the Net.
10:29 of 1st period - Wrist shot by Andy Andreoff.
10:29 of 1st period - Stopped by Evan Cormier with a rebound.
10:31 of 1st period - Backhand shot by Kevin Davis.
10:31 of 1st period - Deflect By Christian Wolanin.
10:31 of 1st period - Stopped by Evan Cormier with a rebound.
10:33 of 1st period - Snap shot by Andy Andreoff.
10:33 of 1st period - Stopped by Evan Cormier with a rebound.
10:37 of 1st period - Wrist shot by Andy Andreoff.
10:37 of 1st period - Stopped by Evan Cormier with a rebound.
10:39 of 1st period - Wrist shot by Michael Eyssimont.
10:39 of 1st period - Shot Misses the Net.
10:41 of 1st period - Slapshot by Sampo Ranta.
10:41 of 1st period - Stopped by Evan Cormier with a rebound.
10:43 of 1st period - Snap shot by Alec McCrea.
10:43 of 1st period - Stopped by Evan Cormier without a rebound.
10:44 of 1st period - Alex Newhook wins face-off versus Jan Jenik in London Knights zone.
10:44 of 1st period - Jan Jenik beats up Paul Cotter.
10:44 of 1st period - Penalty to Paul Cotter for Fighting.
10:44 of 1st period - Penalty to Jan Jenik for Fighting.
10:45 of 1st period - Alex Newhook wins face-off versus Marco Rossi in London Knights zone.
10:46 of 1st period - Wrist shot by Trent Frederic.
10:46 of 1st period - Shot Misses the Net.
11:15 of 1st period - Wrist shot by Nick Swaney.
11:15 of 1st period - Shot Misses the Net.
11:31 of 1st period - Wrist shot by Dominik Bokk.
11:31 of 1st period - Stopped by Keith Kinkaid with a rebound.
11:33 of 1st period - Snap shot by Dominik Bokk.
11:33 of 1st period - Shot Misses the Net.
11:39 of 1st period - Slapshot by Sami Niku.
11:39 of 1st period - Shot Misses the Net.
12:11 of 1st period - Wrist shot by Marco Rossi.
12:11 of 1st period - Shot Misses the Net.
12:23 of 1st period - Snap shot by Curtis Douglas.
12:23 of 1st period - Shot Misses the Net.
12:35 of 1st period - Andy Andreoff is hit by Nick Swaney.
13:29 of 1st period - Backhand shot by Andy Andreoff.
13:29 of 1st period - Stopped by Evan Cormier with a rebound.
13:31 of 1st period - Wrist shot by Andy Andreoff.
13:31 of 1st period - Stopped by Evan Cormier without a rebound.
13:32 of 1st period - Andy Andreoff wins face-off versus Curtis Douglas in London Knights zone.
13:33 of 1st period - Snap shot by Michael Eyssimont.
13:33 of 1st period - Deflect By Sampo Ranta.
13:33 of 1st period - Shot Misses the Net.
13:33 of 1st period - Puck is out of play.
13:34 of 1st period - Curtis Douglas wins face-off versus Andy Andreoff in London Knights zone.
13:41 of 1st period - Snap shot by Cole Koepke.
13:41 of 1st period - Shot Misses the Net.
13:53 of 1st period - Wrist shot by Sampo Ranta.
13:53 of 1st period - Shot Blocked by Sami Niku.
13:55 of 1st period - Wrist shot by Michael Eyssimont.
13:55 of 1st period - Shot Blocked by Sami Niku.
13:59 of 1st period - Wrist shot by Andy Andreoff.
13:59 of 1st period - Shot Misses the Net.
14:01 of 1st period - Snap shot by Andy Andreoff.
14:01 of 1st period - Stopped by Evan Cormier without a rebound.
14:02 of 1st period - Aaron Luchuk wins face-off versus Rasmus Kupari in London Knights zone.
14:03 of 1st period - Slapshot by Ty Ronning.
14:03 of 1st period - Stopped by Evan Cormier with a rebound.
14:55 of 1st period - Alex Petrovic is hit by Curtis Douglas and loses puck.
15:21 of 1st period - Snap shot by Tyce Thompson.
15:21 of 1st period - Stopped by Keith Kinkaid with a rebound.
15:56 of 1st period - Abbott Girduckis is hit by Curtis Douglas and loses puck.
16:25 of 1st period - Snap shot by Marco Rossi.
16:25 of 1st period - Stopped by Keith Kinkaid without a rebound.
16:26 of 1st period - Aaron Luchuk wins face-off versus Marco Rossi in Erie Otters zone.
16:55 of 1st period - Snap shot by Cole Koepke.
16:55 of 1st period - Shot Misses the Net.
16:57 of 1st period - Snap shot by Cole Koepke.
16:57 of 1st period - Stopped by Keith Kinkaid with a rebound.
17:15 of 1st period - Alex-Olivier Voyer is hit by Rasmus Kupari.
17:43 of 1st period - Snap shot by Nick Swaney.
17:43 of 1st period - Stopped by Keith Kinkaid without a rebound.
17:44 of 1st period - Alex Gallant wins face-off versus Simon Ryfors in Erie Otters zone.
17:55 of 1st period - Snap shot by Marco Rossi.
17:55 of 1st period - Stopped by Keith Kinkaid with a rebound.
18:09 of 1st period - Aaron Ness is hit by Tyce Thompson and loses puck.
18:27 of 1st period - Icing by Simon Lundmark.
18:28 of 1st period - Andy Andreoff wins face-off versus Nick Swaney in London Knights zone.
18:37 of 1st period - Slapshot by Nick Swaney.
18:37 of 1st period - Stopped by Keith Kinkaid with a rebound.
18:39 of 1st period - Slapshot by Simon Lundmark.
18:39 of 1st period - Shot Misses the Net.
18:53 of 1st period - Snap shot by Trent Frederic.
18:53 of 1st period - Deflect By Alex Newhook.
18:53 of 1st period - Stopped by Evan Cormier with a rebound.
18:55 of 1st period - Slapshot by Adam Clendening.
18:55 of 1st period - Shot Blocked by Troy Stecher.
18:57 of 1st period - Snap shot by Alex Newhook.
18:57 of 1st period - Stopped by Evan Cormier without a rebound.
18:58 of 1st period - Alex Newhook wins face-off versus Rasmus Kupari in London Knights zone.
18:59 of 1st period - Wrist shot by Trent Frederic.
18:59 of 1st period - Shot Misses the Net.
19:20 of 1st period - Trent Frederic beats up Dominik Bokk.
19:20 of 1st period - Penalty to Trent Frederic for Fighting.
19:20 of 1st period - Penalty to Dominik Bokk for Fighting.
19:21 of 1st period - Aaron Luchuk wins face-off versus Rasmus Kupari in neutral zone.
19:24 of 1st period - Backhand shot by Ty Ronning.
19:24 of 1st period - Goal by Ty Ronning - London Knights : 0 - Erie Otters : 1.
19:25 of 1st period - Aaron Luchuk wins face-off versus Rasmus Kupari in neutral zone.
19:52 of 1st period - Minor Penalty to Ethan Bear for Holding Stick.
19:53 of 1st period - Alex Newhook wins face-off versus Rasmus Kupari in London Knights zone.
Goals for this period are 0 for London Knights vs 1 for Erie Otters.
Shots for this period are 10 for London Knights vs 16 for Erie Otters.
2nd period
0:01 of 2nd period - Rasmus Kupari wins face-off versus Andy Andreoff in neutral zone.
1:52 of 2nd period - Penalty to Ethan Bear is over, Ethan Bear is back on ice.
2:24 of 2nd period - Snap shot by Alex Gallant.
2:24 of 2nd period - Deflect By Ty Ronning.
2:24 of 2nd period - Stopped by Evan Cormier without a rebound.
2:25 of 2nd period - Sampo Ranta wins face-off versus Rasmus Kupari in London Knights zone.
3:02 of 2nd period - Christian Wolanin is hit by Alex Gallant and loses puck.
3:19 of 2nd period - Wrist shot by Marco Rossi.
3:19 of 2nd period - Shot Misses the Net.
3:24 of 2nd period - Off-side.
3:25 of 2nd period - Andy Andreoff wins face-off versus Rasmus Kupari in neutral zone.
3:37 of 2nd period - Wrist shot by Rasmus Kupari.
3:37 of 2nd period - Stopped by Keith Kinkaid without a rebound.
3:38 of 2nd period - Rasmus Kupari wins face-off versus Alex Newhook in Erie Otters zone.
3:41 of 2nd period - Snap shot by Rasmus Kupari.
3:41 of 2nd period - Deflect By Tyce Thompson.
3:41 of 2nd period - Shot Misses the Net.
3:41 of 2nd period - Puck is out of play.
3:42 of 2nd period - Rasmus Kupari wins face-off versus Alex Newhook in Erie Otters zone.
3:45 of 2nd period - Wrist shot by Rasmus Kupari.
3:45 of 2nd period - Stopped by Keith Kinkaid with a rebound.
3:47 of 2nd period - Snap shot by Tyce Thompson.
3:47 of 2nd period - Stopped by Keith Kinkaid without a rebound.
3:48 of 2nd period - Rasmus Kupari wins face-off versus Alex Newhook in Erie Otters zone.
3:49 of 2nd period - Snap shot by Cameron Hughes.
3:49 of 2nd period - Goal by Cameron Hughes - London Knights : 1 - Erie Otters : 1.
3:50 of 2nd period - Andy Andreoff wins face-off versus Rasmus Kupari in neutral zone.
4:02 of 2nd period - Slapshot by Sampo Ranta.
4:02 of 2nd period - Stopped by Evan Cormier without a rebound.
4:03 of 2nd period - Rasmus Kupari wins face-off versus Alex Newhook in London Knights zone.
4:16 of 2nd period - Rasmus Kupari is hit by Alex Petrovic.
4:39 of 2nd period - Slapshot by Alex Newhook.
4:39 of 2nd period - Stopped by Evan Cormier with a rebound.
4:41 of 2nd period - Slapshot by Alex Petrovic.
4:41 of 2nd period - Stopped by Evan Cormier without a rebound.
4:42 of 2nd period - Andy Andreoff wins face-off versus Rasmus Kupari in London Knights zone.
4:46 of 2nd period - Minor Penalty to Tyce Thompson for Roughing.
4:47 of 2nd period - Rasmus Kupari wins face-off versus Andy Andreoff in London Knights zone.
5:21 of 2nd period - Slapshot by Trent Frederic.
5:21 of 2nd period - Stopped by Evan Cormier without a rebound.
5:22 of 2nd period - Cameron Hughes wins face-off versus Andy Andreoff in London Knights zone.
6:46 of 2nd period - Penalty to Tyce Thompson is over, Tyce Thompson is back on ice.
6:55 of 2nd period - Troy Stecher is hit by Ty Ronning and loses puck.
7:14 of 2nd period - Wrist shot by Alex-Olivier Voyer.
7:14 of 2nd period - Shot Misses the Net.
7:16 of 2nd period - Snap shot by Abbott Girduckis.
7:16 of 2nd period - Stopped by Evan Cormier with a rebound.
7:18 of 2nd period - Slapshot by Alec McCrea.
7:18 of 2nd period - Shot Misses the Net.
8:19 of 2nd period - Slapshot by Marco Rossi.
8:19 of 2nd period - Shot Blocked by Kevin Davis.
8:31 of 2nd period - Adam Brubacher is hit by Jordan Oesterle and loses puck.
10:02 of 2nd period - Wrist shot by Connor Bunnaman.
10:02 of 2nd period - Shot Blocked by Aaron Ness.
10:06 of 2nd period - Wrist shot by Jan Jenik.
10:06 of 2nd period - Stopped by Keith Kinkaid with a rebound.
10:08 of 2nd period - Slapshot by Jan Jenik.
10:08 of 2nd period - Shot Blocked by Alex Petrovic.
10:10 of 2nd period - Snap shot by Nick Swaney.
10:10 of 2nd period - Shot Misses the Net.
10:12 of 2nd period - Slapshot by Simon Lundmark.
10:12 of 2nd period - Stopped by Keith Kinkaid with a rebound.
10:14 of 2nd period - Wrist shot by Jan Jenik.
10:14 of 2nd period - Deflect By Aaron Ness.
10:14 of 2nd period - Goal by Jan Jenik - London Knights : 2 - Erie Otters : 1.
10:15 of 2nd period - Andy Andreoff wins face-off versus Rasmus Kupari in neutral zone.
10:41 of 2nd period - Cole Koepke is hit by Trent Frederic.
11:05 of 2nd period - Slapshot by Simon Ryfors.
11:05 of 2nd period - Stopped by Keith Kinkaid with a rebound.
11:07 of 2nd period - Slapshot by Troy Stecher.
11:07 of 2nd period - Stopped by Keith Kinkaid with a rebound.
11:09 of 2nd period - Snap shot by Ethan Bear.
11:09 of 2nd period - Stopped by Keith Kinkaid with a rebound.
11:11 of 2nd period - Slapshot by Troy Stecher.
11:11 of 2nd period - Shot Blocked by Aaron Luchuk.
11:23 of 2nd period - Alec McCrea is hit by Cameron Hughes and loses puck.
11:38 of 2nd period - Wrist shot by Trent Frederic.
11:38 of 2nd period - Shot Misses the Net.
11:40 of 2nd period - Wrist shot by Paul Cotter.
11:40 of 2nd period - Stopped by Evan Cormier without a rebound.
11:41 of 2nd period - Simon Ryfors wins face-off versus Alex Newhook in London Knights zone.
12:08 of 2nd period - Tyce Thompson is hit by Alex Biega and loses puck.
12:39 of 2nd period - Wrist shot by Cole Koepke.
12:39 of 2nd period - Stopped by Keith Kinkaid with a rebound.
12:49 of 2nd period - Slapshot by Ethan Bear.
12:49 of 2nd period - Shot Misses the Net.
13:03 of 2nd period - Snap shot by Andy Andreoff.
13:03 of 2nd period - Deflect By Michael Eyssimont.
13:03 of 2nd period - Stopped by Evan Cormier with a rebound.
13:05 of 2nd period - Wrist shot by Michael Eyssimont.
13:05 of 2nd period - Stopped by Evan Cormier without a rebound.
13:06 of 2nd period - Rasmus Kupari wins face-off versus Andy Andreoff in London Knights zone.
13:17 of 2nd period - Slapshot by Andy Andreoff.
13:17 of 2nd period - Stopped by Evan Cormier with a rebound.
14:33 of 2nd period - Wrist shot by Rasmus Kupari.
14:33 of 2nd period - Stopped by Keith Kinkaid with a rebound.
17:07 of 2nd period - Wrist shot by Alex Newhook.
17:07 of 2nd period - Stopped by Evan Cormier without a rebound.
17:08 of 2nd period - Rasmus Kupari wins face-off versus Andy Andreoff in London Knights zone.
17:44 of 2nd period - Paul Cotter is hit by Christian Wolanin and loses puck.
17:59 of 2nd period - Slapshot by Christian Wolanin.
17:59 of 2nd period - Stopped by Keith Kinkaid with a rebound.
18:07 of 2nd period - Christian Wolanin is hit by Ty Ronning and loses puck.
18:23 of 2nd period - Slapshot by Ethan Bear.
18:23 of 2nd period - Shot Blocked by Alex Petrovic.
19:02 of 2nd period - Wrist shot by Trent Frederic.
19:02 of 2nd period - Shot Misses the Net.
19:04 of 2nd period - Slapshot by Aaron Ness.
19:04 of 2nd period - Stopped by Evan Cormier without a rebound.
19:05 of 2nd period - Alex Newhook wins face-off versus Connor Bunnaman in London Knights zone.
19:19 of 2nd period - Off-side.
19:20 of 2nd period - Andy Andreoff wins face-off versus Cameron Hughes in neutral zone.
19:27 of 2nd period - Snap shot by Sampo Ranta.
19:27 of 2nd period - Shot Misses the Net.
19:29 of 2nd period - Snap shot by Alec McCrea.
19:29 of 2nd period - Shot Misses the Net.
19:31 of 2nd period - Wrist shot by Michael Eyssimont.
19:31 of 2nd period - Shot Misses the Net.
19:33 of 2nd period - Slapshot by Alec McCrea.
19:33 of 2nd period - Deflect By Andy Andreoff.
19:33 of 2nd period - Shot Misses the Net.
19:33 of 2nd period - Puck is out of play.
19:34 of 2nd period - Aaron Luchuk wins face-off versus Tyce Thompson in London Knights zone.
19:39 of 2nd period - Snap shot by Alex Gallant.
19:39 of 2nd period - Stopped by Evan Cormier with a rebound.
19:41 of 2nd period - Slapshot by Adam Clendening.
19:41 of 2nd period - Stopped by Evan Cormier with a rebound.
Goals for this period are 2 for London Knights vs 0 for Erie Otters.
Shots for this period are 13 for London Knights vs 14 for Erie Otters.
3rd period
0:01 of 3rd period - Rasmus Kupari wins face-off versus Andy Andreoff in neutral zone.
0:10 of 3rd period - Sampo Ranta and Troy Stecher fight to a draw.
0:10 of 3rd period - Penalty to Sampo Ranta for Fighting.
0:10 of 3rd period - Penalty to Troy Stecher for Fighting.
0:10 of 3rd period - Penalty to Troy Stecher for instigated a fight.
0:10 of 3rd period - Penalty to Troy Stecher for instigated a fight.
0:11 of 3rd period - Rasmus Kupari wins face-off versus Andy Andreoff in Erie Otters zone.
0:26 of 3rd period - Slapshot by Ethan Bear.
0:26 of 3rd period - Shot Blocked by Ty Ronning.
0:48 of 3rd period - Backhand shot by Trent Frederic.
0:48 of 3rd period - Stopped by Evan Cormier without a rebound.
0:49 of 3rd period - Alex Newhook wins face-off versus Cameron Hughes in London Knights zone.
1:14 of 3rd period - Ethan Bear is hit by Adam Clendening and loses puck.
2:10 of 3rd period - Penalty to Troy Stecher is over, Tyce Thompson is send on ice.
2:22 of 3rd period - Backhand shot by Jordan Oesterle.
2:22 of 3rd period - Shot Misses the Net.
2:26 of 3rd period - Snap shot by Simon Ryfors.
2:26 of 3rd period - Shot Misses the Net.
2:28 of 3rd period - Snap shot by Marco Rossi.
2:28 of 3rd period - Stopped by Keith Kinkaid with a rebound.
2:30 of 3rd period - Snap shot by Simon Ryfors.
2:30 of 3rd period - Shot Misses the Net.
2:36 of 3rd period - Minor Penalty to Alex Petrovic for Holding.
2:37 of 3rd period - Alex Newhook wins face-off versus Rasmus Kupari in Erie Otters zone.
2:46 of 3rd period - Slapshot by Ethan Bear.
2:46 of 3rd period - Stopped by Keith Kinkaid with a rebound.
2:48 of 3rd period - Slapshot by Sami Niku.
2:48 of 3rd period - Stopped by Keith Kinkaid with a rebound.
2:50 of 3rd period - Snap shot by Tyce Thompson.
2:50 of 3rd period - Stopped by Keith Kinkaid with a rebound.
2:52 of 3rd period - Snap shot by Rasmus Kupari.
2:52 of 3rd period - Stopped by Keith Kinkaid without a rebound.
2:53 of 3rd period - Jan Jenik wins face-off versus Alex Newhook in Erie Otters zone.
3:00 of 3rd period - Wrist shot by Nick Swaney.
3:00 of 3rd period - Deflect By Connor Bunnaman.
3:00 of 3rd period - Shot Misses the Net.
3:00 of 3rd period - Puck is out of play.
3:01 of 3rd period - Jan Jenik wins face-off versus Alex Newhook in Erie Otters zone.
3:06 of 3rd period - Snap shot by Nick Swaney.
3:06 of 3rd period - Stopped by Keith Kinkaid with a rebound.
3:08 of 3rd period - Slapshot by Connor Bunnaman.
3:08 of 3rd period - Goal by Connor Bunnaman - London Knights : 3 - Erie Otters : 1.
3:09 of 3rd period - Andy Andreoff wins face-off versus Rasmus Kupari in neutral zone.
3:19 of 3rd period - Tyce Thompson beats up Alex Biega.
3:19 of 3rd period - Penalty to Alex Biega for Fighting.
3:19 of 3rd period - Penalty to Tyce Thompson for Fighting.
3:19 of 3rd period - Penalty to Alex Biega for instigated a fight.
3:19 of 3rd period - Penalty to Alex Biega for instigated a fight.
3:20 of 3rd period - Cameron Hughes wins face-off versus Andy Andreoff in neutral zone.
3:23 of 3rd period - Wrist shot by Ethan Bear.
3:23 of 3rd period - Shot Misses the Net.
3:25 of 3rd period - Snap shot by Cameron Hughes.
3:25 of 3rd period - Shot Misses the Net.
3:27 of 3rd period - Slapshot by Ethan Bear.
3:27 of 3rd period - Stopped by Keith Kinkaid with a rebound.
3:29 of 3rd period - Slapshot by Rasmus Kupari.
3:29 of 3rd period - Shot Misses the Net.
3:31 of 3rd period - Wrist shot by Marco Rossi.
3:31 of 3rd period - Goal by Marco Rossi - London Knights : 4 - Erie Otters : 1.
3:32 of 3rd period - Rasmus Kupari wins face-off versus Trent Frederic in neutral zone.
3:32 of 3rd period - Rasmus Kupari is hit by Paul Cotter.
3:47 of 3rd period - Minor Penalty to Paul Cotter for Interference.
3:48 of 3rd period - Rasmus Kupari wins face-off versus Alex Newhook in Erie Otters zone.
3:55 of 3rd period - Icing by Rasmus Kupari.
3:56 of 3rd period - Andy Andreoff wins face-off versus Rasmus Kupari in London Knights zone.
3:57 of 3rd period - Slapshot by Aaron Ness.
3:57 of 3rd period - Shot Misses the Net.
4:03 of 3rd period - Wrist shot by Marco Rossi.
4:03 of 3rd period - Deflect By Cameron Hughes.
4:03 of 3rd period - Stopped by Keith Kinkaid with a rebound.
5:10 of 3rd period - Penalty to Sampo Ranta is over, Sampo Ranta is back on ice.
5:43 of 3rd period - Christian Wolanin is hit by Michael Eyssimont and loses puck.
5:47 of 3rd period - Penalty to Paul Cotter is over, Paul Cotter is back on ice.
6:32 of 3rd period - Rasmus Kupari is hit by Abbott Girduckis and loses puck.
6:57 of 3rd period - Ty Ronning is hit by Simon Lundmark and loses puck.
7:01 of 3rd period - Icing by Aaron Ness.
7:02 of 3rd period - Marco Rossi wins face-off versus Aaron Luchuk in Erie Otters zone.
7:03 of 3rd period - Slapshot by Simon Ryfors.
7:03 of 3rd period - Shot Blocked by Alex Petrovic.
7:05 of 3rd period - Slapshot by Ethan Bear.
7:05 of 3rd period - Shot Misses the Net.
7:24 of 3rd period - Snap shot by Cole Koepke.
7:24 of 3rd period - Shot Blocked by Kevin Davis.
7:26 of 3rd period - Snap shot by Ethan Bear.
7:26 of 3rd period - Deflect By Cole Koepke.
7:26 of 3rd period - Shot Blocked by Kevin Davis.
7:26 of 3rd period - Puck is out of play.
7:27 of 3rd period - Rasmus Kupari wins face-off versus Alex Newhook in Erie Otters zone.
7:30 of 3rd period - Slapshot by Marco Rossi.
7:30 of 3rd period - Stopped by Keith Kinkaid without a rebound.
7:31 of 3rd period - Rasmus Kupari wins face-off versus Alex Newhook in Erie Otters zone.
7:32 of 3rd period - Snap shot by Cameron Hughes.
7:32 of 3rd period - Shot Misses the Net.
7:44 of 3rd period - Snap shot by Alex Newhook.
7:44 of 3rd period - Stopped by Evan Cormier with a rebound.
7:52 of 3rd period - Minor Penalty to Adam Clendening for Slashing.
7:53 of 3rd period - Rasmus Kupari wins face-off versus Alex Newhook in Erie Otters zone.
7:58 of 3rd period - Wrist shot by Cameron Hughes.
7:58 of 3rd period - Shot Blocked by Alex Newhook.
8:00 of 3rd period - Snap shot by Sami Niku.
8:00 of 3rd period - Goal by Sami Niku - London Knights : 5 - Erie Otters : 1.
8:01 of 3rd period - Rasmus Kupari wins face-off versus Michael Eyssimont in neutral zone.
8:23 of 3rd period - Icing by Adam Clendening.
8:24 of 3rd period - Alex Newhook wins face-off versus Jan Jenik in Erie Otters zone.
8:46 of 3rd period - Kevin Davis and Tyce Thompson fight to a draw.
8:46 of 3rd period - Penalty to Kevin Davis for Fighting.
8:46 of 3rd period - Penalty to Tyce Thompson for Fighting.
8:46 of 3rd period - Tyce Thompson is ejected from game.
8:47 of 3rd period - Andy Andreoff wins face-off versus Rasmus Kupari in neutral zone.
8:56 of 3rd period - Snap shot by Andy Andreoff.
8:56 of 3rd period - Shot Misses the Net.
9:57 of 3rd period - Slapshot by Sampo Ranta.
9:57 of 3rd period - Shot Misses the Net.
9:59 of 3rd period - Wrist shot by Andy Andreoff.
9:59 of 3rd period - Goal by Andy Andreoff - London Knights : 5 - Erie Otters : 2.
10:00 of 3rd period - Andy Andreoff wins face-off versus Rasmus Kupari in neutral zone.
10:16 of 3rd period - Off-side.
10:17 of 3rd period - Trent Frederic wins face-off versus Jan Jenik in neutral zone.
10:20 of 3rd period - Backhand shot by Trent Frederic.
10:20 of 3rd period - Stopped by Evan Cormier with a rebound.
10:57 of 3rd period - Michael Eyssimont is hit by Rasmus Kupari and loses puck.
11:08 of 3rd period - Wrist shot by Cole Koepke.
11:08 of 3rd period - Stopped by Keith Kinkaid with a rebound.
11:10 of 3rd period - Slapshot by Christian Wolanin.
11:10 of 3rd period - Shot Blocked by Alex-Olivier Voyer.
11:14 of 3rd period - Snap shot by Jordan Oesterle.
11:14 of 3rd period - Stopped by Keith Kinkaid with a rebound.
11:36 of 3rd period - Snap shot by Trent Frederic.
11:36 of 3rd period - Stopped by Evan Cormier with a rebound.
12:06 of 3rd period - Aaron Ness is hit by Cameron Hughes.
12:12 of 3rd period - Wrist shot by Michael Eyssimont.
12:12 of 3rd period - Stopped by Evan Cormier with a rebound.
12:14 of 3rd period - Slapshot by Sampo Ranta.
12:14 of 3rd period - Stopped by Evan Cormier with a rebound.
12:24 of 3rd period - Snap shot by Michael Eyssimont.
12:24 of 3rd period - Shot Misses the Net.
12:26 of 3rd period - Wrist shot by Michael Eyssimont.
12:26 of 3rd period - Shot Misses the Net.
12:28 of 3rd period - Slapshot by Alex Petrovic.
12:28 of 3rd period - Shot Misses the Net.
12:32 of 3rd period - Snap shot by Andy Andreoff.
12:32 of 3rd period - Stopped by Evan Cormier without a rebound.
12:33 of 3rd period - Aaron Luchuk wins face-off versus Jan Jenik in London Knights zone.
12:36 of 3rd period - Snap shot by Aaron Luchuk.
12:36 of 3rd period - Shot Misses the Net.
12:38 of 3rd period - Snap shot by Aaron Luchuk.
12:38 of 3rd period - Shot Misses the Net.
13:06 of 3rd period - Trent Frederic is hit by Simon Lundmark and loses puck.
13:25 of 3rd period - Alex Petrovic is hit by Cole Koepke and loses puck.
13:34 of 3rd period - Paul Cotter is hit by Cole Koepke and loses puck.
13:56 of 3rd period - Snap shot by Alex-Olivier Voyer.
13:56 of 3rd period - Stopped by Evan Cormier with a rebound.
14:06 of 3rd period - Simon Lundmark is hit by Aaron Luchuk and loses puck.
14:44 of 3rd period - Alec McCrea is hit by Rasmus Kupari and loses puck.
15:09 of 3rd period - Icing by Cameron Hughes.
15:10 of 3rd period - 10 Minutes Misconduct Penalty to Troy Stecher is over.
15:10 of 3rd period - Rasmus Kupari wins face-off versus Trent Frederic in London Knights zone.
15:51 of 3rd period - Wrist shot by Sampo Ranta.
15:51 of 3rd period - Stopped by Evan Cormier with a rebound.
15:53 of 3rd period - Snap shot by Aaron Ness.
15:53 of 3rd period - Stopped by Evan Cormier without a rebound.
15:54 of 3rd period - Andy Andreoff wins face-off versus Rasmus Kupari in London Knights zone.
15:58 of 3rd period - Minor Penalty to Marco Rossi for Holding.
15:59 of 3rd period - Andy Andreoff wins face-off versus Rasmus Kupari in London Knights zone.
17:50 of 3rd period - Simon Ryfors is hit by Trent Frederic and loses puck.
17:58 of 3rd period - Penalty to Marco Rossi is over, Marco Rossi is back on ice.
18:19 of 3rd period - 10 Minutes Misconduct Penalty to Alex Biega is over.
18:34 of 3rd period - Minor Penalty to Cole Koepke for Hooking.
18:35 of 3rd period - Andy Andreoff wins face-off versus Rasmus Kupari in London Knights zone.
18:45 of 3rd period - Wrist shot by Michael Eyssimont.
18:45 of 3rd period - Stopped by Evan Cormier with a rebound.
18:47 of 3rd period - Slapshot by Adam Clendening.
18:47 of 3rd period - Goal by Adam Clendening - London Knights : 5 - Erie Otters : 3.
18:48 of 3rd period - Curtis Douglas wins face-off versus Aaron Luchuk in neutral zone.
18:51 of 3rd period - Slapshot by Ethan Bear.
18:51 of 3rd period - Deflect By Cole Koepke.
18:51 of 3rd period - Goal by Cole Koepke - London Knights : 6 - Erie Otters : 3.
18:52 of 3rd period - Rasmus Kupari wins face-off versus Andy Andreoff in neutral zone.
19:04 of 3rd period - Rasmus Kupari is hit by Andy Andreoff and loses puck.
19:41 of 3rd period - Jordan Oesterle is hit by Alex Gallant.
Goals for this period are 4 for London Knights vs 2 for Erie Otters.
Shots for this period are 15 for London Knights vs 13 for Erie Otters.
Back to the Top